[Event "Early-Titled-Tuesday-Blitz-September-12-2023"]
[Site "Chess.com"]
[Date "2023.09.12"]
[Round "3"]
[White "Massakru"]
[Black "Nf3c5"]
[Result "0-1"]
[WhiteElo "2409"]
[BlackElo "2585"]
[TimeControl "180+1"]
[EndTime "8:27:52 PDT"]
[Termination "Nf3c5 won on time"]

1. e4 c5 2. Nf3 Nc6 3. c3 d5 4. exd5 Qxd5 5. d4 Bg4 6. Be2 e6 7. dxc5 Qxc5 8. Be3 Qh5 9. h3 Nf6 10. O-O Bxh3 11. gxh3 Qxh3 12. Ng5 Qh4 13. Kg2 Nd5 14. Qc1 Be7 15. f4 Bxg5 16. fxg5 Qe4+ 17. Kf2 f6 18. Bf3 Qh4+ 19. Kg2 Ne5 20. Rh1 Qc4 21. b3 Qd3 22. Bxd5 Qxd5+ 23. Kh2 fxg5 24. Qd1 Qe4 25. Bf2 Ng4+ 26.
Kg1 O-O 27. Bd4 Ne3 28. Qe2 Rf1+ 29. Qxf1 Nxf1 30. Rh3 Rf8 31. Na3 Qg4+ 0-1

[Event "Early-Titled-Tuesday-Blitz-September-12-2023"]
[Site "Chess.com"]
[Date "2023.09.12"]
[Round "3"]
[White "assezde36"]
[Black "Zheenbekov86"]
[Result "1-0"]
[WhiteElo "2819"]
[BlackElo "2414"]
[TimeControl "180+1"]
[EndTime "8:27:53 PDT"]
[Termination "assezde36 won on time"]

1. e4 e5 2. Nf3 Nc6 3. Bc4 Nf6 4.
d3 Be7 5. O-O O-O 6. a4 d5 7.
exd5 Nxd5 8. Re1 Bf6 9. Nbd2 Nf4 10. Ne4 Be7 11. Bxf4 exf4 12. c3 Bg4 13. d4 Kh8 14.
Be2 h6 15. a5 a6 16. b4 Bh5 17. Nc5 Rb8 18. Nd2 Bg6 19. Bf3 Bxc5 20. bxc5 Ne7 21. Nc4 f6 22. Qd2 Bf7 23. Nb2 g5 24. Nd3 Nd5 25. c4 Ne7 26. d5 Ng6 27. Be4 Nh4 28. Rab1 f5 29. Qc3+ Kh7 30. Bf3 g4 31. Bd1 f3 32. g3 Ng6 33. Bc2 Re8 34. Rxe8 Qxe8 35. Qf6 Qe7 36. Qxe7 Nxe7 37. Ne5 Bg6 38. d6 cxd6 39.
cxd6 Ng8 40. c5 1-0

[Event "Early-Titled-Tuesday-Blitz-September-12-2023"]
[Site "Chess.com"]
[Date "2023.09.12"]
[Round "3"]
[White "Jenia84"]
[Black "Hilary46"]
[Result "0-1"]
[WhiteElo "2374"]
[BlackElo "2564"]
[TimeControl "180+1"]
[EndTime "8:27:53 PDT"]
[Termination "Hilary46 won by checkmate"]

1. Nf3 d5 2. g3 Nf6 3. Bg2 c5 4. O-O e6 5. d3 Nc6 6. Bg5 Be7 7. Nbd2 O-O 8. c3 b5 9. e4 a5 10. e5 Nd7 11. Bxe7 Qxe7 12. c4 bxc4 13. dxc4 d4 14. Nxd4 Nxd4 15. Bxa8 Nxe5 16. f4 Nec6 17. Nf3 Nxf3+ 18.
Qxf3 Nd4 19. Qf2 Bb7 20. Bxb7 Qxb7 21. b3 a4 22. Rab1 axb3 23. axb3 Rd8 24. Qe3 h5 25. h3 Qb4 26. Rfd1 g6 27. Kf2 Ra8 28. Rb2 Ra3 29. Rd3 Ra1 30. h4 Qb7 31. Rxd4 cxd4 32. Qxd4 Qh1 33. Qd8+ Kh7 34. Qf6 Qf1+ 35. Ke3 Qg1+ 36.
Ke4 Re1+ 37. Kd3 Qe3+ 38. Kc2 Rc1# 0-1

[Event "Early-Titled-Tuesday-Blitz-September-12-2023"]
[Site "Chess.com"]
[Date "2023.09.12"]
[Round "3"]
[White "Smiechu"]
[Black "Boundless_Strike"]
[Result "1-0"]
[WhiteElo "2446"]
[BlackElo "2625"]
[TimeControl "180+1"]
[EndTime "8:27:53 PDT"]
[Termination "Smiechu won by resignation"]

1. e4 d6 2. d4 e5 3. Nf3 Bg4 4. dxe5 Nc6 5. Bb5 Qd7 6. Nc3 O-O-O 7. O-O Qe8 8. Qe2 dxe5 9. Be3 Kb8 10. Rad1 Bd6 11.
Bxc6 Qxc6 12. Nxe5 Bxe2 13. Nxc6+ bxc6 14. Nxe2 Nf6 15. f3 Kb7 16. Nd4 Be5 17. c3 g6 18. Nb3 Rhe8 19.
Rxd8 Rxd8 20. f4 Ng4 21. Bc5 Bd6 22. h3 Bxc5+ 23. Nxc5+ Kb6 24. Na4+ Kb5 25. hxg4 Kxa4 26. Rf2 Rd1+ 27. Kh2 Ra1 28. f5 Rxa2 29. b3+ Kxb3 30. Rxa2 Kxa2 31. e5 a5 32. e6 fxe6 33. fxe6 a4 34. e7 a3 35. e8=Q Kb2 36. Qe2+ Kb3 37. Qd1+ Kb2 38. Qd2+ Kb3 39. Qc1 a2 40. Kg3 c5 41.
Kf3 c4 42. Ke3 h5 43. gxh5 gxh5 44. Kd4 h4 45. Qa1 Ka3 46. Kxc4 c6 47. Qc1+ Ka4 48. Qb2 1-0

[Event "Early-Titled-Tuesday-Blitz-September-12-2023"]
[Site "Chess.com"]
[Date "2023.09.12"]
[Round "3"]
[White "dadice10"]
[Black "Khromkin"]
[Result "0-1"]
[WhiteElo "2203"]
[BlackElo "2430"]
[TimeControl "180+1"]
[EndTime "8:27:53 PDT"]
[Termination "Khromkin won by resignation"]

1. e4 c5 2. Nc3 g6 3. d4 cxd4 4.
Qxd4 Nf6 5. Be3 Nc6 6. Qd2 Bg7 7. f3 O-O 8. Nge2 Qa5 9. O-O-O d6 10. Nf4 Bd7 11. h4 h5 12. Kb1 Rfc8 13. Nfd5 e6 14. Nxf6+ Bxf6 15. Nd5 exd5 16. Qxa5 Nxa5 17. Rxd5 Nc4 18.
Bxc4 Rxc4 19. Rxd6 Be6 20. Bg5 Bxg5 21. hxg5 Kf8 22. b3 Rc3 23. Kb2 Rac8 24. Rd2 Ke7 25. Re1 b5 26. Ree2 a5 27. a3 a4 28. b4 h4 29. Rd3 R3c7 30. Red2 Rh8 31. f4 h3 32. gxh3 Rxh3 33. Rxh3 Bxh3 34. Rd5 Bf1 35. f5 Bc4 36. Rd4 Rd7 37. Rxd7+ Kxd7 38. Kc3 gxf5 39. exf5 Kd6 40. Kd4 Ba2 41. g6 fxg6 42. fxg6 Bc4 43. g7 Ba2 44. c3 Bd5 45. Kd3 Ke5 46. Ke3 Bc4 47. Kf3 Kf6 0-1

[Event "Early-Titled-Tuesday-Blitz-September-12-2023"]
[Site "Chess.com"]
[Date "2023.09.12"]
[Round "3"]
[White "wannabe2700"]
[Black "stasOR4ik"]
[Result "1-0"]
[WhiteElo "2623"]
[BlackElo "2440"]
[TimeControl "180+1"]
[EndTime "8:27:55 PDT"]
[Termination "wannabe2700 won on time"]

1. b3 d5 2. Bb2 Nf6 3. g3 c5 4.
Bg2 Nc6 5. Nf3 Bf5 6. O-O e6 7.
Nh4 Bg6 8. Nxg6 hxg6 9. c4 d4 10. e3 Be7 11. exd4 cxd4 12. d3 e5 13. Re1 Qc7 14. Qe2 O-O-O 15. Bxc6 Qxc6 16. Qxe5 Rxh2 17. Re4 Bd6 18. Qb5 Rdh8 19. Qxc6+ bxc6 20. Rxd4 Be5 21. c5 Bxd4 22. Bxd4 Rh1+ 23. Kg2 g5 24. Nd2 R8h2+ 25. Kf3 g4+ 26. Ke2 Rxa1 27. Bxa1 Rh1 28. Bb2 Kd7 29. Nc4 Ke6 30. Ne3 Rb1 31. Nd1 g6 32. Kd2 Nd7 33. b4 a5 34. bxa5 Nxc5 35. Kc2 Rxd1 36. Kxd1 Kd5 37.
Kc2 Na6 38. Ba3 c5 39. Kb3 f5 40. Ka4 Nc7 41. Bc1 c4 42. dxc4+ Kxc4 43. Bf4 Na6 44. Bd6 1-0

[Event "Early-Titled-Tuesday-Blitz-September-12-2023"]
[Site "Chess.com"]
[Date "2023.09.12"]
[Round "3"]
[White "Dixit_Nikhil"]
[Black "FeketeBarika"]
[Result "1-0"]
[WhiteElo "2576"]
[BlackElo "2399"]
[TimeControl "180+1"]
[EndTime "8:27:55 PDT"]
[Termination "Dixit_Nikhil won by resignation"]

1. e4 e6 2. d4 d5 3. e5 c5 4. c3 Nc6 5. Nf3 Bd7 6. Be2 Qb6 7. O-O cxd4 8. cxd4 Nh6 9. Bxh6 gxh6 10. Qd2 Bg7 11. Nc3 O-O 12. h3 f6 13. exf6 Rxf6 14. Rad1 Kh8 15.
Nh2 Rg6 16. Bd3 Rg5 17. Nf3 Rh5 18. Bb1 Be8 19. Rfe1 Bf7 20. Na4 Qb4 21. Qxb4 Nxb4 22. Nc5 Re8 23. Nd7 Bg6 24. Bxg6 hxg6 25. a3 Nc6 26. Nde5 Kh7 27. g4 Rxh3 28. Kg2 Nxe5 29. dxe5 Rxf3 30. Kxf3 Rf8+ 31. Kg3 g5 32. Rc1 Rf7 33.
f3 Kg6 34. Rc8 Rd7 35. Kf2 d4 36. Ke2 Bxe5 37. Kd3 Rd5 38. Re2 b5 39. b4 Kf6 40.
Rc5 Rxc5 41. bxc5 a5 42. c6 b4 43. Rxe5 Kxe5 44. c7 1-0

[Event "Early-Titled-Tuesday-Blitz-September-12-2023"]
[Site "Chess.com"]
[Date "2023.09.12"]
[Round "3"]
[White "MarijaKuznecova"]
[Black "Bastiandash"]
[Result "1-0"]
[WhiteElo "2399"]
[BlackElo "2550"]
[TimeControl "180+1"]
[EndTime "8:27:55 PDT"]
[Termination "MarijaKuznecova won by resignation"]

1. e4 c5 2. Nf3 e6 3. d4 cxd4 4. Nxd4 a6 5. Nc3 b5 6. g3 Bb7 7. Bg2 Nf6 8. Qd3 Qc7 9. O-O d6 10. h3 Be7 11. g4 O-O 12. g5 Nfd7 13. f4 Nc6 14. Nxc6 Qxc6 15. Qg3 b4 16. Ne2 Qxc2 17. Nd4 Qc7 18. Be3 Nc5 19. Rac1 Qd7 20. f5 e5 21. Nb3 Nxb3 22. axb3 f6 23. h4 Rfc8 24.
Rcd1 a5 25. h5 fxg5 26. Bxg5 Bxg5 27. Qxg5 h6 28. Qg6 Rf8 29. Rxd6 Qc7 30. f6 Rf7 31. fxg7 Rxf1+ 32. Bxf1 Rd8 33. Qe6+ Kxg7 34. Qxh6+ Kf7 1-0

[Event "Early-Titled-Tuesday-Blitz-September-12-2023"]
[Site "Chess.com"]
[Date "2023.09.12"]
[Round "3"]
[White "Alexandr_Predke"]
[Black "play1ngtheangel"]
[Result "1-0"]
[WhiteElo "2882"]
[BlackElo "2662"]
[TimeControl "180+1"]
[EndTime "8:27:57 PDT"]
[Termination "Alexandr_Predke won by resignation"]

1. Nf3 Nf6 2. g3 g6 3. Bg2 Bg7 4. O-O O-O 5. d4 d5 6. a4 a5 7.
Bf4 b6 8. c4 Bb7 9. Ne5 Nbd7 10. Nc3 e6 11. Rc1 Rc8 12. cxd5 exd5 13. Bh3 Rb8 14. Nxd7 Nxd7 15. Nb5 c6 16. Bxb8 Nxb8 17. Nc3 Na6 18. e3 Nb4 19. Re1 Qd6 20. Bf1 f5 21.
Qb3 Rd8 22. Na2 c5 23. dxc5 bxc5 24. Nxb4 axb4 25. Red1 Bf6 26. Qc2 Rc8 27. b3 Kg7 28.
Bg2 Bc3 29. Qd3 Rd8 30. Rxc3 bxc3 31. Qxc3+ d4 32. exd4 cxd4 33. Qd3 Bxg2 34. Kxg2 Qd5+ 35. Qf3 Qc5 36. h4 Rb8 37. Rd3 h5 38. Qd1 Rb4 39.
Kg1 Kf6 40. Qd2 Kf7 41. Kh2 Ke7 42. a5 Qxa5 43. Rxd4 Rb5 44. Rd7+ Ke8 45. Qd6 Qb4 46. Qe6+ 1-0

[Event "Early-Titled-Tuesday-Blitz-September-12-2023"]
[Site "Chess.com"]
[Date "2023.09.12"]
[Round "3"]
[White "HajiyevKanan"]
[Black "vladislavkovalev"]
[Result "0-1"]
[WhiteElo "2515"]
[BlackElo "2891"]
[TimeControl "180+1"]
[EndTime "8:27:57 PDT"]
[Termination "vladislavkovalev won by resignation"]

1. d4 Nf6 2. Nf3 e6 3. c4 Bb4+ 4. Bd2 Qe7 5. Nc3 b6 6. g3 Bb7 7. Bg2 O-O 8. O-O d6 9. Re1 Nbd7 10. Qc2 Bxc3 11. Bxc3 Ne4 12. b3 f5 13. Bb2 Ndf6 14.
Nd2 g5 15. Rad1 g4 16. d5 exd5 17. cxd5 Bxd5 18. Nxe4 Bxe4 19. Bxe4 Nxe4 20. Rd4 Rae8 21.
Qc4+ Rf7 22. Rd5 h5 23. Rxf5 Ng5 24. Rxf7 Qxf7 25. Qxf7+ Kxf7 26. Kf1 Ke6 27. Rc1 Rf8 28. Bd4 c5 29. Be3 Ne4 30. Kg2 d5 31. f3 Nd6 32.
Bf4 Nb5 33. a4 Nd4 34. Rb1 a5 35. Kf2 Kd7 36. fxg4 hxg4 37. e3 Nf3 38. Rd1 Kc6 39.
h3 Ng5 40. hxg4 c4 41. bxc4 dxc4 42. Rd4 c3 43. Rc4+ Kd5 44. Rxc3 Ne4+ 45. Kf3 Nxc3 46.
g5 Ne4 47. Kg4 Ke6 48. g6 Rg8 49. Kh5 Kf6 50. Kh6 Rxg6+ 0-1

[Event "Early-Titled-Tuesday-Blitz-September-12-2023"]
[Site "Chess.com"]
[Date "2023.09.12"]
[Round "3"]
[White "KVAIDAN"]
[Black "vladgoncharov"]
[Result "0-1"]
[WhiteElo "2299"]
[BlackElo "2543"]
[TimeControl "180+1"]
[EndTime "8:27:57 PDT"]
[Termination "vladgoncharov won by checkmate"]

1. f4 Nf6 2. Nf3 c5 3. d3 d5 4. e3 Nc6 5. Be2 g6 6. O-O Bg7 7.
Kh1 O-O 8. a4 Qc7 9. Nc3 a6 10.
e4 dxe4 11. dxe4 Rd8 12. Qe1 Nd4 13. Bd1 Nxf3 14. Bxf3 e5 15. Qh4 Be6 16. fxe5 Nd7 17. Bg5 Re8 18. Nd5 Bxd5 19. exd5 Nxe5 20. Be2 Qd6 21. Rad1 c4 22. c3 b5 23. axb5 axb5 24.
Rf2 f5 25. Bf4 Qd7 26. Qg3 Nf7 27. Bf3 Be5 28. d6 Ra6 29. Bd5 Rxd6 30. Rfd2 Bxf4 31. Bxf7+ Kxf7 32. Rxd6 Qxd6 33. Rxd6 Bxg3 34. hxg3 Re2 35. Rd7+ Kf6 36. Rxh7 Rxb2 37. Rb7 g5 38. Kh2 g4 39. Rb8 Ke5 40. Rb7 Ke4 41. Rb8 b4 42. cxb4 c3 43.
b5 c2 44. Rc8 Kd3 45. Rd8+ Ke2 46. Rc8 Kd1 47. Rd8+ Kc1 48. b6 Rxb6 49. Rd5 Kb1 50. Rxf5 Rh6+ 51. Kg1 c1=Q+ 52. Rf1 Qxf1+ 53. Kxf1 Re6 54. Kf2 Kc2 55. Kf1 Kd2 56. Kf2 Rf6+ 57. Kg1 Ke2 58.
Kh2 Kf2 59. Kh1 Rh6# 0-1

[Event "Early-Titled-Tuesday-Blitz-September-12-2023"]
[Site "Chess.com"]
[Date "2023.09.12"]
[Round "3"]
[White "tdf98pantani"]
[Black "GMBenjaminBok"]
[Result "0-1"]
[WhiteElo "2736"]
[BlackElo "2990"]
[TimeControl "180+1"]
[EndTime "8:27:58 PDT"]
[Termination "GMBenjaminBok won on time"]

1. e4 c5 2. Nf3 d6 3. d4 cxd4 4. Nxd4 Nf6 5. Nc3 a6 6. Be2 e5 7. Nb3 Be7 8. g4 h6 9. Be3 b5 10. Bf3 Bb7 11. h4 b4 12. Nd5 Nxd5 13. exd5 Nd7 14. a3 a5 15. axb4 axb4 16. Rxa8 Qxa8 17. Qd2 Nf6 18. Qxb4 Bxd5 19. Qb5+ Kf8 20. Bxd5 Nxd5 21.
O-O Nxe3 22. fxe3 Qc8 23. Kh1 Kg8 24. Qd5 Qe6 25. Qa8+ Kh7 26. Qe4+ g6 27. c4 Bxh4 28. Na5 Kg7 29. Nc6 h5 30. g5 Bxg5 31. Kg2 Qg4+ 32. Qxg4 hxg4 33. e4 Bf4 34. Rh1 Rc8 35. Na5 Rb8 36.
b3 Bd2 0-1

[Event "Early-Titled-Tuesday-Blitz-September-12-2023"]
[Site "Chess.com"]
[Date "2023.09.12"]
[Round "3"]
[White "jguerramzllo"]
[Black "Bugcrusher"]
[Result "1-0"]
[WhiteElo "2845"]
[BlackElo "2456"]
[TimeControl "180+1"]
[EndTime "8:27:58 PDT"]
[Termination "jguerramzllo won by resignation"]

1. e4 e6 2. d4 d5 3. Nc3 Bb4 4. e5 c5 5. a3 Bxc3+ 6. bxc3 Qa5 7. Bd2 Qa4 8. Qb1 c4 9. h4 Nc6 10. h5 h6 11. Nf3 Bd7 12. g3 O-O-O 13. Bg2 f5 14. Nh4 Nge7 15. Bf3 Be8 16. Kf1 Kb8 17.
Ng2 Ka8 18. Nf4 Bf7 19. Kg2 Rde8 20. Qb2 b6 21. Rh2 Kb7 22. Rh4 Ka8 23. Kh2 Kb7 24. Rg1 Reg8 25. g4 fxg4 26. Bxg4 Nd8 27. Qb4 Qxb4 28. cxb4 Kc6 29. a4 a6 30. Bh3 Nf5 31.
Bxf5 exf5 32. Rh3 Ne6 33. Nxe6 Bxe6 34. Rhg3 Rh7 35. Rg6 Kd7 36. b5 a5 37. Kg3 Ke7 38. Kf4 Kf7 39. Bc1 Re8 40. Ba3 Rb8 41. Bd6 Rb7 42. Bf8 Kxf8 43. Rxe6 g5+ 44. hxg6 1-0

[Event "Early-Titled-Tuesday-Blitz-September-12-2023"]
[Site "Chess.com"]
[Date "2023.09.12"]
[Round "3"]
[White "KChor05TTV"]
[Black "Dr_crypt"]
[Result "1-0"]
[WhiteElo "2590"]
[BlackElo "2413"]
[TimeControl "180+1"]
[EndTime "8:27:58 PDT"]
[Termination "KChor05TTV won on time"]

1. d4 d5 2. Nf3 Nf6 3. c4 c6 4. g3 a6 5. Nbd2 b5 6. b3 Bf5 7. Bg2 e6 8. Ne5 Nfd7 9. Nxd7 Nxd7 10. O-O Nf6 11. f3 Bb4 12. Bb2 O-O 13. a3 Bxd2 14.
Qxd2 Rb8 15. Rae1 dxc4 16. e4 Bg6 17. bxc4 c5 18. e5 Nd7 19. d5 bxc4 20. f4 Bd3 21.
Rf2 exd5 22. Bxd5 Nb6 23. Bf3 Na4 24. Ba1 Rb3 25. Rd1 c3 26. Qc1 Rb1 27. Qe3 c2 28.
Rc1 c4 29. f5 Qb8 30. f6 Rxc1+ 31. Kg2 Rxa1 32. Qg5 1-0

[Event "Early-Titled-Tuesday-Blitz-September-12-2023"]
[Site "Chess.com"]
[Date "2023.09.12"]
[Round "3"]
[White "Actuary44"]
[Black "JimDiGrease"]
[Result "0-1"]
[WhiteElo "2513"]
[BlackElo "2855"]
[TimeControl "180+1"]
[EndTime "8:27:59 PDT"]
[Termination "JimDiGrease won on time"]

1. e4 c5 2. d4 cxd4 3. c3 dxc3 4.
Nxc3 Nc6 5. f4 e6 6. Nf3 Bc5 7. Bd3 d6 8. Qe2 Nf6 9. Bd2 e5 10. O-O-O Bg4 11. Kb1 O-O 12. h3 Nd4 13. Qf1 Bxf3 14.
gxf3 Nh5 15. Rg1 Ne6 16. fxe5 Bxg1 17. Qxg1 dxe5 18. Bc4 Qh4 19. Nd5 Nhf4 20. Be1 Qxh3 21. Ne7+ Kh8 22. Bg3 Qh5 23. Bxf4 Nxf4 24. Nf5 g6 25.
Qc5 Rae8 26. Nd6 Qxf3 27. Rf1 Qg2 28. Nxe8 Rxe8 29. Rd1 Qxe4+ 30. Ka1 Qc2 31. Re1 Kg7 32. Qc7 Re6 33. a3 b5 0-1

[Event "Early-Titled-Tuesday-Blitz-September-12-2023"]
[Site "Chess.com"]
[Date "2023.09.12"]
[Round "3"]
[White "Biregina"]
[Black "GianmarcoVaR"]
[Result "0-1"]
[WhiteElo "2435"]
[BlackElo "2613"]
[TimeControl "180+1"]
[EndTime "8:27:59 PDT"]
[Termination "GianmarcoVaR won on time"]

1. b3 d5 2. Bb2 Bf5 3. d3 Nf6 4. Nf3 Nbd7 5. Nbd2 e6 6. g3 a5 7. a3 a4 8. b4 c5 9. bxc5 Bxc5 10. Bg2 Qb6 11. Rb1 Bxf2+ 12. Kf1 Ng4 13. Bd4 Bxd4 14. Rxb6 Ne3+ 15. Kg1 Nxd1+ 16. Nxd4 Nxb6 17. e4 Bg6 18. Nb5 Kd7 19. exd5 exd5 20. Bh3+ Kc6 21. Nd4+ Kc5 22. N2f3 Rhe8 23. Kg2 Nc3 24. Kf2 Re7 25. Bg4 h5 26.
Bh3 Rae8 27. Rf1 Nb5 28. Nxb5 Kxb5 29. Rb1+ Kc5 30. d4+ Kc6 31. Ne5+ Rxe5 32. dxe5 Rxe5 33.
Bg2 Kc5 34. Bf1 Nc4 35. Rb4 b5 36. c3 Bc2 0-1

[Event "Early-Titled-Tuesday-Blitz-September-12-2023"]
[Site "Chess.com"]
[Date "2023.09.12"]
[Round "3"]
[White "Andrei_Belozerov"]
[Black "Srisshhhtea"]
[Result "1-0"]
[WhiteElo "2594"]
[BlackElo "2421"]
[TimeControl "180+1"]
[EndTime "8:27:59 PDT"]
[Termination "Andrei_Belozerov won by resignation"]

1. d4 Nf6 2. c4 g6 3. g3 Bg7 4.
Bg2 O-O 5. Nc3 d6 6. Nf3 Nbd7 7. O-O e5 8. e4 exd4 9. Nxd4 Re8 10. h3 a6 11. Re1 Ne5 12. b3 Bd7 13. Bf4 c5 14. Nde2 Bc6 15. Qc2 b5 16. Rad1 b4 17. Nd5 Nxd5 18.
cxd5 Bb5 19. Be3 a5 20. f4 Nd7 21. e5 dxe5 22. f5 a4 23. d6 axb3 24. axb3 Ra3 25. g4 Qc8 26. Ng3 Bc6 27. Ne4 Qa6 28. Nxc5 Nxc5 29.
Qxc5 Bxg2 30. Kxg2 Ra2+ 31. Rd2 Ra8 32. Rxa2 Qxa2+ 33. Kg1 Bf6 34. d7 Rd8 35. g5 Bg7 36. Qc7 Qa8 37. Bb6 Bf8 38. Qxd8 Qf3 39. Qxf8+ Kxf8 40. d8=Q+ Kg7 41. Qf6+ 1-0

[Event "Early-Titled-Tuesday-Blitz-September-12-2023"]
[Site "Chess.com"]
[Date "2023.09.12"]
[Round "3"]
[White "Masterbeaterr"]
[Black "MFatigue"]
[Result "1-0"]
[WhiteElo "2396"]
[BlackElo "2537"]
[TimeControl "180+1"]
[EndTime "8:27:59 PDT"]
[Termination "Masterbeaterr won by checkmate"]

1. d4 d5 2. c4 c6 3. Nf3 Nf6 4. Nc3 dxc4 5. a4 Bf5 6. e3 e6 7. Bxc4 Bb4 8. O-O O-O 9. Qe2 Bg4 10. h3 Bh5 11. Rd1 Nbd7 12. e4 Qe7 13. g4 Bg6 14. g5 Nh5 15. Nh4 e5 16. Nxg6 hxg6 17. d5 Nb6 18. Bb3 Kh7 19. a5 Nd7 20. a6 Bxc3 21. bxc3 bxa6 22. dxc6 Nc5 23. Bd5 Nf4 24. Qg4 Nce6 25.
h4 Rfc8 26. Rxa6 Qc5 27. Be3 Qxc3 28. Bxf4 Nxf4 29. Bxf7 Rxc6 30. Rxc6 Qxc6 31. Bd5 Nxd5 32. exd5 Qd6 33. h5 Rd8 34. Qh4 Kg8 35. h6 gxh6 36.
Qxh6 Rf8 37. Qh4 a5 38. Qa4 Rf4 39. Qe8+ Qf8 40. Qe6+ Qf7 41. Qc8+ Kg7 42. d6 Rf5 43. Qd8 Rxf2 44. d7 Rf4 45. Qf6+ Rxf6 46. gxf6+ Qxf6 47. d8=Q Qf4 48. Rd7+ Kh6 49. Rd2 Qg3+ 50. Rg2 Qe1+ 51.
Kh2 a4 52. Qh8# 1-0

[Event "Early-Titled-Tuesday-Blitz-September-12-2023"]
[Site "Chess.com"]
[Date "2023.09.12"]
[Round "3"]
[White "Redzishchess"]
[Black "ElenaPershina"]
[Result "1-0"]
[WhiteElo "2495"]
[BlackElo "2265"]
[TimeControl "180+1"]
[EndTime "8:27:59 PDT"]
[Termination "Redzishchess won on time"]

1. d4 d5 2. Nc3 Nf6 3. Bf4 c5 4. e3 cxd4 5. exd4 Bf5 6. Bd3 Bxd3 7. Qxd3 Qd7 8. Nge2 e6 9. O-O Nc6 10. Nb5 Rc8 11.
c4 a6 12. Nbc3 dxc4 13. Qxc4 Bd6 14. Rad1 O-O 15. Bxd6 Qxd6 16. Qa4 Rfd8 17. Rd2 Qb4 18. Qxb4 Nxb4 19. Rfd1 Nbd5 20. a3 Kf8 21. Kf1 Ke7 22. Rd3 Rc4 23. f3 Nxc3 24. Nxc3 Nd5 25. Ne4 b6 26. g3 Rc2 27. R1d2 Rdc8 28. Kf2 Rxd2+ 29.
Rxd2 Rc1 30. f4 Rh1 31. Kf3 Rc1 32. Nf2 h6 33. Nd3 Rc7 34. Ne1 Kd6 35. Rc2 Rxc2 36. Nxc2 f6 37. Ke4 Nc7 38. Ne3 b5 39. f5 1-0

[Event "Early-Titled-Tuesday-Blitz-September-12-2023"]
[Site "Chess.com"]
[Date "2023.09.12"]
[Round "3"]
[White "MAGMAchess02"]
[Black "Rakhmanov_Aleksandr"]
[Result "0-1"]
[WhiteElo "2446"]
[BlackElo "2780"]
[TimeControl "180+1"]
[EndTime "8:28:00 PDT"]
[Termination "Rakhmanov_Aleksandr won on time"]

1. Nf3 d5 2. c4 d4 3. b4 a5 4. b5 g5 5. h3 Bg7 6. d3 h6 7. Bb2 e5 8. Nbd2 Ne7 9. g3 O-O 10. Bg2 a4 11. O-O Nd7 12. Qc2 Ra5 13. Ba3 b6 14. Bb4 Ra7 15. Rfc1 Re8 16. a3 f5 17. Ne1 Nc5 18. Bxc5 bxc5 19. Rab1 Qd6 20. Rb2 Be6 21. Rcb1 Nc8 22. Qd1 Nb6 23. Rc2 Rf8 24. e3 Raa8 25. e4 f4 26. g4 Kf7 27. f3 Rh8 28.
Kf2 h5 29. Qe2 Nd7 30. Rcc1 Nf8 31. Nc2 Ng6 32. Rh1 Nh4 33. Rbg1 Bf6 34. Bf1 Bd8 35. Ne1 c6 36. bxc6 Qxc6 37. Ng2 Nxg2 38. Rxg2 Rb8 39. Rgh2 Rb2 0-1

[Event "Early-Titled-Tuesday-Blitz-September-12-2023"]
[Site "Chess.com"]
[Date "2023.09.12"]
[Round "3"]
[White "AndreiITrifan"]
[Black "Tssunami"]
[Result "1-0"]
[WhiteElo "2625"]
[BlackElo "2445"]
[TimeControl "180+1"]
[EndTime "8:28:00 PDT"]
[Termination "AndreiITrifan won by resignation"]

1. Nf3 d5 2. e3 Nc6 3. d4 Bg4 4. c4 Bxf3 5. Qxf3 e6 6. Nc3 Nf6 7. Bd3 dxc4 8. Bxc4 Bd6 9. Bb5 Qd7 10. e4 e5 11. d5 O-O 12. dxc6 bxc6 13. Bc4 Bc5 14. O-O Bd4 15. Bb3 Rab8 16. Bg5 Ne8 17. Rad1 c5 18. Nd5 c6 19. Ne3 Kh8 20. Qf5 Qc7 21. Nc4 f6 22.
Bd2 Qe7 23. Bc3 g6 24. Qf3 Ng7 25. Ne3 Nh5 26. g3 Ng7 27. Rd3 a5 28. Nc4 Ra8 29.
Bxa5 Ne6 30. Bc3 Ng5 31. Qe2 Rad8 32. Kg2 Qd7 33. g4 f5 34. exf5 gxf5 35. Nxe5 Qg7 36. f4 Ne4 37. Bxd4 cxd4 38. Kh1 c5 39. gxf5 Rxf5 40.
Qxe4 Rdf8 41. Rg3 Qc7 42. Qxf5 Qb7+ 43. Kg1 Qa8 44. Qxf8+ Qxf8 45. Nf7+ 1-0

[Event "Early-Titled-Tuesday-Blitz-September-12-2023"]
[Site "Chess.com"]
[Date "2023.09.12"]
[Round "3"]
[White "ural58"]
[Black "ploxoi"]
[Result "1-0"]
[WhiteElo "2564"]
[BlackElo "2372"]
[TimeControl "180+1"]
[EndTime "8:28:00 PDT"]
[Termination "ural58 won by resignation"]

1. e4 c5 2. Nf3 e6 3. b3 d5 4.
Bb5+ Bd7 5. Qe2 a6 6. Bxd7+ Qxd7 7. exd5 Qxd5 8. Nc3 Qd8 9. Bb2 Nc6 10. O-O-O Nf6 11.
Ne4 Be7 12. d4 cxd4 13. Nxd4 Nxd4 14. Bxd4 Qa5 15. Nxf6+ Bxf6 16. Bxf6 gxf6 17. Kb1 Rc8 18. Rd3 Qc5 19. Rhd1 Rg8 20. Qd2 f5 21. Rd8+ Ke7 22. Rd7+ Ke8 23. Rxb7 Qc6 24. Qd7+ Qxd7 25. Rdxd7 Rg7 26.
g3 h5 27. Kb2 Kf8 28. Ra7 Kg8 29. Rxa6 h4 30. a4 hxg3 31. hxg3 f4 32. gxf4 Rg2 33. Rd2 Rg4 34. f5 e5 35. Rb6 Rf4 36. f6 Kh7 37. Re2 Re8 38. a5 Kg6 39. a6 Rxf6 40. Rxf6+ Kxf6 41. b4 Rb8 42. Kb3 Rb6 43. c4 Rxa6 44. b5 Ra1 45. b6 Ra6 46. c5 Ra8 47. b7 Rb8 48. c6 Ke6 49. Rd2 f5 50. Kc4 e4 51. c7 1-0

[Event "Early-Titled-Tuesday-Blitz-September-12-2023"]
[Site "Chess.com"]
[Date "2023.09.12"]
[Round "3"]
[White "UmarovSabir"]
[Black "only_strong_moves"]
[Result "1-0"]
[WhiteElo "2327"]
[BlackElo "2506"]
[TimeControl "180+1"]
[EndTime "8:28:00 PDT"]
[Termination "UmarovSabir won by checkmate"]

1. e4 e6 2. d4 d5 3. Bd3 c5 4. c3 Nc6 5. exd5 exd5 6. Nf3 Nf6 7. O-O c4 8. Bc2 Be7 9. b3 cxb3 10. axb3 Bg4 11. Nbd2 Qc7 12. h3 Bh5 13. Re1 O-O 14. Ba3 Rfe8 15. Bxe7 Rxe7 16. Rxe7 Nxe7 17. c4 Nc6 18. c5 Nxd4 19. g4 Nxf3+ 20. Nxf3 Bg6 21. Bxg6 hxg6 22. Qd4 Re8 23. Rxa7 Qb8 24. Ra1 Re4 25.
Qd2 Re8 26. b4 Ne4 27. Qe3 Ng3 28. Qb3 Ne2+ 29. Kf1 Nf4 30. Nd4 Qe5 31. Qc3 Qe4 32.
f3 Qe5 33. Re1 Qb8 34. Rxe8+ Qxe8 35. b5 f5 36. c6 bxc6 37. bxc6 fxg4 38. c7 Qc8 39. hxg4 Kf8 40. Qc5+ Ke8 41. Qd6 g5 42. Nf5 Kf7 43. Qd8 Qb7 44. Qd7+ Kf6 45. Qe7+ Kg6 46. Qxg7# 1-0

[Event "Early-Titled-Tuesday-Blitz-September-12-2023"]
[Site "Chess.com"]
[Date "2023.09.12"]
[Round "3"]
[White "NowInChess"]
[Black "LeoLV10"]
[Result "0-1"]
[WhiteElo "2267"]
[BlackElo "2495"]
[TimeControl "180+1"]
[EndTime "8:28:00 PDT"]
[Termination "LeoLV10 won by checkmate"]

1. e4 c6 2. d4 d5 3. exd5 cxd5 4. c4 Nf6 5. Nc3 Nc6 6. Bf4 Be6 7. c5 g6 8. Nf3 Bg7 9. Bb5 O-O 10. Bxc6 bxc6 11.
Qa4 Ne4 12. Qxc6 Nxc3 13. bxc3 Qa5 14. O-O Qxc3 15. Qa4 Bg4 16. Ne5 Be2 17. Rfc1 Qb2 18. Rab1 Bxe5 19. Rxb2 Bxf4 20. Re1 Bc4 21. Rxe7 Bg5 22.
Rxa7 Rae8 23. Rb1 Re2 24. Ra8 Bd8 25. Qd7 Ree8 26. g3 Bd3 27. Rbb8 Re1+ 28. Kg2 Bf1+ 29. Kf3 Be2+ 30. Kf4 g5+ 31. Kf5 Bd3+ 32. Kg4 Be2+ 33. f3 f5+ 34. Kh5 Bxf3+ 35. Kh6 Rf6+ 36. Kxg5 Rg6+ 37.
Kxf5 Bg4+ 38. Kf4 Re4# 0-1